[Event "*** Titled Tuesday Blitz"]
[Site "Chess.com"]
[Date "2020.10.20"]
[Round "1"]
[White "ChesSniper2000"]
[Black "esapunov"]
[Result "0-1"]
[WhiteElo "2373"]
[BlackElo "2751"]
[TimeControl "180+1"]
[EndTime "10:07:48 PDT"]
[Termination "esapunov won by checkmate"]

1. Nf3 Nf6 2. g3 g6 3. Bg2 Bg7 4. b3 O-O 5. Bb2 d6 6. d4 Nbd7 7. O-O Re8 8. c4 c6 9. Nc3 e5 10. dxe5 dxe5 11. Ng5 Qe7 12. Nge4 Rd8 13. Nd6 Nc5 14.
Nxc8 Raxc8 15. Qc2 Qc7 16. Bh3 Ra8 17. b4 Ncd7 18.
Rad1 Nb6 19. Qb3 h5 20. a3 h4 21. Rxd8+ Rxd8 22. Rd1 Rxd1+ 23. Nxd1 Qd8 24. Bxe5 Nxc4 25. Qxc4 Qxd1+ 26. Kg2 hxg3 27. hxg3 Qd8 28. Bd4 a6 29. e4 Qe7 30. f3 Nh5 31. Bg4 Nf6 32. Bh3 Nh5 33. Bg4 Bxd4 34. Qxd4 Nf6 35. Bc8 Ne8 36.
e5 Qc7 37. Bd7 Ng7 38. f4 a5 39. Kf3 axb4 40. axb4 Qd8 41. Ke4 Nf5 42. Bxf5 gxf5+ 43. Ke3 Qa8 44. Qd6 Qa3+ 45. Kf2 Qa2+ 46. Kf3 Qb3+ 47. Kg2 Qc2+ 48. Kh3 Qe2 49. Qd8+ Kh7 50. Qh4+ Kg8 51. Qg5+ Kf8 52. Qxf5 Qf1+ 53. Kg4 Qd1+ 54. Kg5 Qf3 55. g4 Qh3 56. Qc8+ Kg7 57. Qxb7 Qh6+ 58. Kf5 Qg6# 0-1

[Event "*** Titled Tuesday Blitz"]
[Site "Chess.com"]
[Date "2020.10.20"]
[Round "1"]
[White "Roza_Idrisova"]
[Black "PLAYER_2006_M"]
[Result "0-1"]
[WhiteElo "2168"]
[BlackElo "2517"]
[TimeControl "180+1"]
[EndTime "10:07:48 PDT"]
[Termination "PLAYER_2006_M won on time"]

1. d4 Nf6 2. Nf3 e6 3. Bg5 Be7 4. Nbd2 c5 5. c3 d5 6. e3 O-O 7. Bd3 Nc6 8. O-O b6 9. a4 Bb7 10. Qe2 Rc8 11. Rfd1 h6 12. Bh4 cxd4 13. exd4 Na5 14. Ne5 Nd7 15. Bg3 Nxe5 16. Bxe5 Bd6 17. Nf3 Nc4 18. Bxc4 dxc4 19. Bxd6 Qxd6 20. Ne5 Bd5 21.
f3 f6 22. Ng6 Rfe8 23. Qe3 Kf7 24. Nf4 g5 25. Nh5 Kg6 26. Ng3 Qf4 27. Qe2 h5 28. Re1 h4 29. Qc2+ f5 30. Nf1 h3 31. Qd2 hxg2 32. Qxg2 Bxf3 33. Qg3 Qxg3+ 34. Nxg3 Bd5 35. a5 Ra8 36. axb6 axb6 37. Kf2 Rh8 38. Nf1 f4 39. Rxa8 Rxa8 40. Re2 Rh8 41. Re1 b5 42. Ra1 Rb8 43. Nd2 b4 44. Ra4 bxc3 45. bxc3 Rb2 46. Ke1 Rc2 47. Nxc4 Rxc3 48. Ne5+ Kf5 0-1

[Event "*** Titled Tuesday Blitz"]
[Site "Chess.com"]
[Date "2020.10.20"]
[Round "1"]
[White "slavenok"]
[Black "MrChampion_Coach"]
[Result "1-0"]
[WhiteElo "2727"]
[BlackElo "2364"]
[TimeControl "180+1"]
[EndTime "10:07:49 PDT"]
[Termination "slavenok won on time"]

1. e4 c5 2. d4 cxd4 3. Nf3 d6 4. Bc4 Nf6 5. Qe2 Nc6 6. h3 e6 7. O-O Be7 8. Rd1 Qb6 9. c3 d3 10. Bxd3 O-O 11. c4 Nb4 12. Nc3 Nxd3 13. Rxd3 Qc7 14.
b3 a6 15. Bg5 b6 16. Rad1 Bb7 17. e5 dxe5 18. Nxe5 Bc6 19. Nxc6 Qxc6 20. Bxf6 Bxf6 21. Ne4 Be7 22. Qf3 Rac8 23. Rd7 Bb4 24. R7d3 h6 25. Qf4 f5 26. Nc3 Bxc3 27. Rxc3 Rcd8 28. Re1 Qd6 29. Qe3 Kf7 30. a4 Rfe8 31. c5 bxc5 32. Rxc5 Rd7 33.
Rxf5+ exf5 34. Qxe8+ Kf6 35. Qc8 Re7 36. Qc3+ Kf7 37.
Rxe7+ Qxe7 38. Qc4+ Kf8 39. Qxa6 Qe1+ 40. Qf1 Qc3 41.
Qb1 g6 42. b4 f4 43. f3 g5 44. b5 Ke7 45. b6 Qc5+ 46. Kh1 Qc8 47. b7 Qb8 48.
Qb6 Kd7 49. a5 Ke7 50. a6 Qe5 51. Qb4+ Kd7 52. b8=N+ Qxb8 53. Qxb8 1-0

[Event "*** Titled Tuesday Blitz"]
[Site "Chess.com"]
[Date "2020.10.20"]
[Round "1"]
[White "nitpicker"]
[Black "Philosopherrr"]
[Result "1/2-1/2"]
[WhiteElo "2303"]
[BlackElo "2615"]
[TimeControl "180+1"]
[EndTime "10:07:49 PDT"]
[Termination "Game drawn by repetition"]

1. d4 Nf6 2. c4 e6 3. g3 c5 4. d5 exd5 5. cxd5 d6 6. Nc3 g6 7.
Nf3 Bg7 8. Nd2 O-O 9. Nc4 Qe7 10. Bf4 Ne8 11. Bg2 Nd7 12. O-O Ne5 13. Nxe5 Bxe5 14.
Bxe5 Qxe5 15. e4 Bd7 16. f4 Qe7 17. Re1 f6 18. a4 a6 19. Bf1 Rb8 20. a5 Kh8 21.
Bc4 Qg7 22. Qf3 Nc7 23. Qf1 g5 24. Kh1 Rbe8 25. Re3 f5 26. Rae1 gxf4 27. Qxf4 Re5 28. exf5 Rfxf5 29. Qh4 Ne8 30. Rxe5 Rxe5 31. Rxe5 Qxe5 32.
Qe4 Qxe4+ 33. Nxe4 Bf5 34. Ng5 Kg7 35. Kg1 Kf6 36. h4 h6 37. Nf3 Nc7 38. Kf2 Be4 39. g4 Bxd5 40. g5+ hxg5 41. hxg5+ Ke6 42. Bd3 Bxf3 43. Kxf3 d5 44. Kf4 c4 45. Bf5+ Ke7 46. Ke5 Nb5 47. Kxd5 c3 48. bxc3 Nxc3+ 49. Kc5 Na4+ 50. Kb4 Nb2 51. Kc5 Na4+ 52. Kb4 Nb2 53. Kc5 Na4+ 1/2-1/2

[Event "*** Titled Tuesday Blitz"]
[Site "Chess.com"]
[Date "2020.10.20"]
[Round "1"]
[White "CakeinSpace2002"]
[Black "Natalya_Buksa"]
[Result "1-0"]
[WhiteElo "2285"]
[BlackElo "2576"]
[TimeControl "180+1"]
[EndTime "10:07:49 PDT"]
[Termination "CakeinSpace2002 won by checkmate"]

1. e4 e5 2. Nf3 Nc6 3. d4 exd4 4. Nxd4 Nf6 5. Nxc6 bxc6 6. e5 Qe7 7. Qe2 Nd5 8. h4 d6 9. c4 Nb6 10. exd6 Qxe2+ 11.
Bxe2 cxd6 12. O-O Be7 13. Nc3 Bxh4 14. Bf3 Bd7 15. Re1+ Be7 16. b3 f6 17. Bf4 Kf7 18. Rad1 Rhd8 19. Bxd6 Bxd6 20. Rxd6 Re8 21. Red1 Bf5 22.
Bxc6 Rac8 23. Bxe8+ Rxe8 24. Nb5 Nc8 25. R6d2 h5 26.
Nd6+ Nxd6 27. Rxd6 h4 28. c5 g5 29. c6 g4 30. b4 g3 31. b5 Re2 32. R6d2 gxf2+ 33. Kf1 Re5 34. a4 h3 35. gxh3 Bxh3+ 36. Kxf2 Bg4 37. Rd7+ Ke8 38. R1d6 Bxd7 39. Rxd7 Rc5 40. Rxa7 Kd8 41. Kf3 Rc4 42. a5 Rc5 43. Rb7 Kc8 44. a6 Rc3+ 45. Kf4 Ra3 46. a7 f5 47. b6 Ra4+ 48. Kxf5 Ra5+ 49. Ke6 Rxa7 50. Rxa7 Kd8 51. Ra8# 1-0

[Event "*** Titled Tuesday Blitz"]
[Site "Chess.com"]
[Date "2020.10.20"]
[Round "1"]
[White "Carnivoras"]
[Black "Kaslask"]
[Result "1-0"]
[WhiteElo "2636"]
[BlackElo "2304"]
[TimeControl "180+1"]
[EndTime "10:07:50 PDT"]
[Termination "Carnivoras won on time"]

1. d4 Nf6 2. c4 e6 3. Nc3 Bb4 4. Qc2 c5 5. dxc5 Bxc5 6. Nf3 Qb6 7.
e3 Be7 8. Be2 a6 9. O-O Qc7 10.
b3 b6 11. Bb2 Bb7 12. h3 O-O 13.
Rac1 d6 14. Rfd1 Nbd7 15. a3 Rac8 16. e4 Rfd8 17. b4 Qb8 18. Bd3 Nf8 19. Qe2 Ng6 20. Qe3 Ba8 21. Na4 b5 22. Nb6 Rc6 23. Nxa8 Qxa8 24.
Nd4 Rcc8 25. cxb5 axb5 26. Nxb5 d5 27. e5 Nd7 28. Rxc8 Rxc8 29. Bxg6 hxg6 30. Rc1 Rxc1+ 31. Qxc1 Qa6 32. a4 Qxa4 33. Qc6 Nf8 34. Qb7 Qxb4 35. Bc3 Qb1+ 36. Kh2 Bg5 37. Bd4 Qe4 38. Qc8 Bf4+ 39. g3 Bxe5 40. Bc5 Bxg3+ 41. Kxg3 Qe5+ 42. Kg2 Qe4+ 43. Kh2 Qf4+ 44. Kg2 Qe4+ 45. f3 Qc2+ 46. Kg3 Kh7 47. Qxf8 Qf5 48. Be3 1-0

[Event "*** Titled Tuesday Blitz"]
[Site "Chess.com"]
[Date "2020.10.20"]
[Round "1"]
[White "Olga_Zhuravleva"]
[Black "nurgyulsalimova"]
[Result "0-1"]
[WhiteElo "2322"]
[BlackElo "2660"]
[TimeControl "180+1"]
[EndTime "10:07:51 PDT"]
[Termination "nurgyulsalimova won on time"]

1. e4 c6 2. Nf3 d5 3. Nc3 dxe4 4. Nxe4 Nf6 5. Ng3 h5 6. h3 h4 7. Ne2 Bf5 8. d4 Be4 9. Nc3 Bxf3 10. Qxf3 Qxd4 11.
Be3 Qb4 12. O-O-O Nbd7 13. a3 Qa5 14. Bf4 e5 15. Bg5 Be7 16. Bc4 e4 17. Qf4 Ne5 18.
Bb3 Ng6 19. Qe3 Ng4 20. Qxe4 Qxg5+ 21. Kb1 Nf6 22. Qc4 O-O 23. Rhe1 a5 24. a4 Rae8 25. Re2 Bb4 26. Rxe8 Nxe8 27. Ne4 Qf4 28. c3 Be7 29. Bc2 Nd6 30. Nxd6 Bxd6 31. Qb3 Qf6 32. Rd3 Ne5 33.
Rd4 Bc5 34. Re4 b6 35. f3 Rd8 36. Ka2 Ng6 37. Re2 Nf4 38. Rf2 Nd5 39. Re2 Nf4 40. Re1 Nxg2 41. Re4 Nf4 42. Qc4 Nd5 43. Rxh4 g6 44. Rg4 Ne3 45. Bxg6 Nxc4 0-1

[Event "*** Titled Tuesday Blitz"]
[Site "Chess.com"]
[Date "2020.10.20"]
[Round "1"]
[White "AungTZ"]
[Black "talman67"]
[Result "0-1"]
[WhiteElo "2147"]
[BlackElo "2511"]
[TimeControl "180+1"]
[EndTime "10:07:51 PDT"]
[Termination "talman67 won on time"]

1. e4 e5 2. Nf3 Nc6 3. d4 exd4 4. Nxd4 Nf6 5. Nc3 Bc5 6. Nb3 Bb6 7. a4 a5 8. Be2 h6 9. O-O O-O 10. Kh1 Re8 11.
f3 d6 12. Bf4 Ne5 13. Qd2 Ng6 14. Bg3 Be6 15. Nd4 d5 16. e5 Nh5 17. f4 Nxg3+ 18. hxg3 c5 19. Ndb5 Ne7 20. Nd6 Nf5 21. Nxf5 Bxf5 22.
Nxd5 Be4 23. Bf3 Bxd5 24. Qxd5 Rb8 25. Rad1 Qe7 26. Qd7 Qe6 27. Qxe6 Rxe6 28. Rd7 Rg6 29. Kh2 c4 30. Bd5 Rf8 31. f5 Rg5 32. Kh3 Rh5+ 33. Kg4 Rg5+ 34. Kf4 Ba7 35. Rxb7 Bb8 36. Re1 Kh7 37.
Bxf7 Kh8 38. Be6 g6 39. g4 gxf5 0-1

[Event "*** Titled Tuesday Blitz"]
[Site "Chess.com"]
[Date "2020.10.20"]
[Round "1"]
[White "picturesquecheck"]
[Black "rynos0411"]
[Result "0-1"]
[WhiteElo "2102"]
[BlackElo "2501"]
[TimeControl "180+1"]
[EndTime "10:07:51 PDT"]
[Termination "rynos0411 won by resignation"]

1. e4 c6 2. d4 d5 3. Nd2 dxe4 4. Nxe4 Nf6 5. Nxf6+ exf6 6. c3 Bd6 7. Bd3 O-O 8. Ne2 h5 9. Qc2 Re8 10. Be3 Nd7 11.
O-O-O Nf8 12. Kb1 b5 13. Rhe1 Be6 14. Nf4 Qc7 15. g3 Bg4 16. Rc1 g6 17. d5 Bf3 18.
dxc6 Bxc6 19. Rcd1 Rad8 20. Ne2 Bf3 21. Bxb5 Re7 22. Rd2 Ne6 23. Nd4 Nxd4 24. cxd4 Qa5 25. Be2 Be4 26. Bd3 Bxd3 27. Qxd3 Bb4 28. Red1 Bxd2 29.
Rxd2 Rc7 30. a3 Qd5 31. h4 Rdc8 32. Rd1 Kg7 33. Bf4 Rc4 34. Be3 f5 35. Bf4 Rd8 36.
Be3 Rdc8 37. Qd2 Qe4+ 38. Qd3 Rc2 39. Qxe4 fxe4 40. d5 R2c7 41. Bd4+ f6 42. b4 Kf7 43. Bc5 a5 44. Re1 axb4 45. axb4 f5 46. Kb2 Kf6 47. Kb3 Rxc5 48. bxc5 Rxc5 49. Ra1 Rxd5 50. Ra6+ Kg7 51. Ra7+ Kh6 52. Ra2 Rd3+ 53. Kc4 Rd1 54. Re2 g5 55. hxg5+ Kxg5 56. Rb2 Kg4 57. Kc5 Kf3 58.
Kc6 Rf1 59. Rb5 Rxf2 60. Rxf5+ Kxg3 61. Rxh5 e3 62. Re5 Kf4 63. Kd5 Rd2+ 0-1

[Event "*** Titled Tuesday Blitz"]
[Site "Chess.com"]
[Date "2020.10.20"]
[Round "1"]
[White "UmbertoConcelli"]
[Black "kot60"]
[Result "1-0"]
[WhiteElo "2717"]
[BlackElo "2356"]
[TimeControl "180+1"]
[EndTime "10:07:53 PDT"]
[Termination "UmbertoConcelli won on time"]

1. d4 Nf6 2. c4 e5 3. dxe5 Ng4 4. Bf4 Bc5 5. e3 d6 6. exd6 Qf6 7. Nc3 Nxf2 8. Nd5 Qxb2 9. Rb1 Nxd1 10. Rxb2 Nxb2 11.
Nxc7+ Kd7 12. Nxa8 Bxd6 13. Nf3 Re8 14. Kd2 b6 15.
Kc2 Na4 16. c5 Nxc5 17. Bb5+ Nc6 18. Rd1 Ne4 19. Ng5 Bb7 20. Nxe4 Rxe4 21. Rxd6+ Ke7 22. Bxc6 Rc4+ 23. Kb3 Rxc6 24. Rxc6 Bxc6 25. Nc7 Bxg2 26. Nb5 a6 27. Nc3 Ke6 28. a4 Bc6 29. Kb4 f6 30.
Bc7 b5 31. axb5 axb5 32. Kc5 Bg2 33. Kxb5 Kf5 34. Kc5 Kg4 35. Kd6 f5 36. Ke7 g5 37.
Kf6 f4 38. e4 h6 39. e5 Kh3 40. e6 Bc6 41. Kg6 Kxh2 42. Kxh6 Kg2 43. Kxg5 f3 44. Bb6 f2 45. Nd1 f1=Q 46. Ne3+ Kf3 47. Nxf1 Ke4 48. Ng3+ Kd5 49. e7 Ke6 50. Bc5 Kf7 51. Nf5 Ba4 52. Bd6 1-0

[Event "*** Titled Tuesday Blitz"]
[Site "Chess.com"]
[Date "2020.10.20"]
[Round "1"]
[White "Sashadav97"]
[Black "Belka1989"]
[Result "1-0"]
[WhiteElo "2603"]
[BlackElo "2275"]
[TimeControl "180+1"]
[EndTime "10:07:53 PDT"]
[Termination "Sashadav97 won on time"]

1. Nf3 d5 2. c4 c6 3. g3 Nf6 4. Bg2 Bf5 5. Qb3 Qb6 6. d3 e6 7. Be3 dxc4 8. Qxc4 Qxb2 9. Bd4 Qb4+ 10. Nbd2 Qxc4 11.
Nxc4 Nbd7 12. Rb1 b5 13. Nce5 Rc8 14. Bxa7 Bd6 15. Nxd7 Kxd7 16. Nd4 Bg6 17. O-O Nd5 18. Rfc1 b4 19. Rc4 Ra8 20. Bc5 Be5 21. Bxd5 cxd5 22.
Rcxb4 Rhb8 23. a3 Bc7 24. Rb5 e5 25. Nf3 f6 26. Rxb8 Rxb8 27. Bb4 Bh5 28. Kg2 e4 29. dxe4 dxe4 30. Nd4 Be5 31. e3 Bxd4 32. exd4 Bf3+ 33.
Kf1 Rc8 34. Ra1 Rc2 35. a4 Kc6 36. a5 Kb7 37. a6+ Ka8 38. a7 Rb2 39. Bc5 Rb3 40.
h3 h5 41. g4 g5 42. gxh5 Bxh5 43. Kg2 Bf3+ 44. Kh2 Bh5 45. Re1 f5 46. Rg1 Bf3 47.
Rxg5 e3 48. fxe3 Kb7 49. Rg8 Ka6 50. a8=Q+ Bxa8 51. Rxa8+ 1-0

[Event "*** Titled Tuesday Blitz"]
[Site "Chess.com"]
[Date "2020.10.20"]
[Round "1"]
[White "SHIVACalypso"]
[Black "KaterynaLagno"]
[Result "1/2-1/2"]
[WhiteElo "2350"]
[BlackElo "2679"]
[TimeControl "180+1"]
[EndTime "10:07:54 PDT"]
[Termination "Game drawn by repetition"]

1. Nf3 Nf6 2. c4 g6 3. g3 Bg7 4. Bg2 Nc6 5. O-O O-O 6. Nc3 d5 7. cxd5 Nxd5 8. Nxd5 Qxd5 9. d3 Qh5 10. Rb1 Bh3 11. b3 Rad8 12. Bb2 Bxb2 13. Rxb2 e5 14.
Qc1 Rfe8 15. a3 Bxg2 16. Kxg2 e4 17. dxe4 Rxe4 18. Rd1 Rde8 19. e3 R4e7 20. Rbd2 Qg4 21. h3 Qe4 22. Qc2 Qe6 23. Nd4 Nxd4 24. Rxd4 c6 25. Rd6 Qe5 26. Qd3 h5 27. h4 Qe4+ 28.
Qxe4 Rxe4 29. Rd7 R4e7 30. Kf3 Kg7 31. Rd8 Rxd8 32. Rxd8 Kf6 33. Ra8 b6 34. Kf4 c5 35.
e4 Rd7 36. b4 Rc7 37. bxc5 bxc5 38. Rb8 c4 39. Rb2 c3 40. Rc2 Rc4 41. Ke3 g5 42. Kd3 Ra4 43. hxg5+ Kxg5 44. Rxc3 Kg4 45. Ke3 f5 46. exf5 Kxf5 47. Rc5+ Kg4 48. Rc3 Kf5 49. Rb3 Kg5 50. Rb5+ Kg6 51. Rb3 Kg5 52. Kf3 a6 53.
Kg2 h4 54. gxh4+ Rxh4 55. Kg3 Rg4+ 56. Kf3 Ra4 57. Ke3 Kf5 58. Rc3 Re4+ 59. Kf3 Rf4+ 60.
Kg3 Rg4+ 61. Kh3 Ra4 62. Kg3 Rg4+ 63. Kf3 Rf4+ 64. Kg3 Rg4+ 1/2-1/2

[Event "*** Titled Tuesday Blitz"]
[Site "Chess.com"]
[Date "2020.10.20"]
[Round "1"]
[White "Shield12"]
[Black "Xeniya2005"]
[Result "1-0"]
[WhiteElo "2819"]
[BlackElo "2408"]
[TimeControl "180+1"]
[EndTime "10:07:56 PDT"]
[Termination "Shield12 won on time"]

1. e4 e6 2. d4 d5 3. Nd2 c5 4. Ngf3 Nc6 5. exd5 Qxd5 6. Bc4 Qd8 7. dxc5 Bxc5 8. O-O Nf6 9. Qe2 O-O 10. Ne4 Be7 11. Bf4 Qb6 12. Nxf6+ Bxf6 13. c3 e5 14. Bg5 Bxg5 15. Nxg5 Qc7 16. Qe4 g6 17. Qh4 h5 18.
Ne4 Bf5 19. Nf6+ Kg7 20. Qg5 Rh8 21. Nd5 Qd8 22. Qe3 Qh4 23. Bb5 Qe4 24. Rad1 Qxe3 25. Nxe3 Be6 26. Rd6 Rhd8 27. Rfd1 Rxd6 28. Rxd6 Ne7 29.
Bc4 Bxc4 30. Nxc4 Nc6 31. Rd7 Rb8 32. f3 Kf6 33. b4 Ke6 34. Rc7 a6 35. a4 Ne7 36.
Na5 Nd5 37. Rc4 b6 38. Nb3 Kd6 39. a5 b5 40. Rc5 Re8 41. Nd2 f5 42. Kf2 e4 43. fxe4 fxe4 44. Nf1 e3+ 45. Ke1 e2 46. Ng3 Nf4 47. Nxe2 1-0

[Event "*** Titled Tuesday Blitz"]
[Site "Chess.com"]
[Date "2020.10.20"]
[Round "1"]
[White "elcandado"]
[Black "eCztery"]
[Result "1-0"]
[WhiteElo "2570"]
[BlackElo "2249"]
[TimeControl "180+1"]
[EndTime "10:07:56 PDT"]
[Termination "elcandado won by resignation"]

1. d4 Nf6 2. Bf4 e6 3. e3 c5 4.
c3 cxd4 5. cxd4 d5 6. Nc3 Bd6 7. Bg3 O-O 8. Bd3 Nc6 9. Nf3 Qe7 10. a3 e5 11. dxe5 Nxe5 12. Nxe5 Bxe5 13. Bxe5 Qxe5 14. Be2 Ne4 15. Qxd5 Qxd5 16. Nxd5 Be6 17. Nc7 Rac8 18. Nxe6 fxe6 19. O-O Nd2 20. Rfc1 Nb3 21. Rxc8 Rxc8 22. Rb1 Kf7 23. Bd3 e5 24. Rd1 Kf6 25. Kf1 Nc5 26. Ke2 a6 27. Bc2 Rc6 28. Rd2 b5 29. g3 g5 30. Bxh7 Nb3 31. Rc2 Rd6 32.
Be4 g4 33. f3 gxf3+ 34. Bxf3 Kg5 35. h4+ Kf5 36. g4+ Ke6 37. Be4 Na5 38. h5 Nc4 39. g5 Ke7 40. h6 Rd8 41. g6 Kf6 42. g7 Nd6 43. Bd5 Nf7 44. Bxf7 Kxf7 45. Rc6 a5 46. Kf3 b4 47. axb4 axb4 48. Ke4 b3 49. Rb6 Kg8 50.
Rf6 Kh7 51. Rf8 Rxf8 52. gxf8=Q Kg6 53. Qg7+ Kh5 1-0

[Event "*** Titled Tuesday Blitz"]
[Site "Chess.com"]
[Date "2020.10.20"]
[Round "1"]
[White "keepitcoming"]
[Black "Keures"]
[Result "1-0"]
[WhiteElo "2624"]
[BlackElo "2295"]
[TimeControl "180+1"]
[EndTime "10:07:58 PDT"]
[Termination "keepitcoming won by resignation"]

1. d4 Nf6 2. c4 e6 3. Nc3 Bb4 4.
e3 O-O 5. Ne2 d5 6. a3 Bd6 7. c5 Be7 8. b4 c6 9. Ng3 b6 10. Bb2 Nfd7 11. Bd3 e5 12. Nf5 e4 13. Be2 b5 14. O-O a5 15. f3 exf3 16. Rxf3 axb4 17. axb4 Rxa1 18. Bxa1 Nf6 19. Bd3 Bxf5 20. Bxf5 Nbd7 21. e4 Nxe4 22. Nxe4 dxe4 23. Bxe4 Qc7 24. d5 cxd5 25.
Bxd5 Bf6 26. Bxf6 Nxf6 27. Bb3 Qe5 28. Rd3 g6 29. g3 Kg7 30. Qd2 Re8 31. Qc3 Qe2 32. Rf3 Qe1+ 33. Qxe1 Rxe1+ 34. Kf2 Rb1 35. Ke2 Ne4 36. Rxf7+ Kh6 37. Kd3 Nxc5+ 38. bxc5 Rxb3+ 39. Kc2 Rb4 40. Rc7 Kg5 41. c6 h5 42. Kd3 Rc4 43. h3 Rc5 44. Kd4 Rc1 45. Kd5 Rc3 46. Rb7 Rxg3 47.
Rxb5 Kh4 48. c7 Rd3+ 49. Kc6 Rc3+ 50. Rc5 Rxc5+ 51. Kxc5 Kxh3 52. c8=Q+ Kh4 53. Qd8+ g5 54. Qf6 Kg4 55. Qf1 h4 56. Qg2+ Kf4 57. Kd4 g4 58. Qf2+ Kg5 59. Ke4 g3 60. Qf4+ Kh5 61. Kf3 1-0

[Event "*** Titled Tuesday Blitz"]
[Site "Chess.com"]
[Date "2020.10.20"]
[Round "1"]
[White "grunbergmihai"]
[Black "chessmadara"]
[Result "1-0"]
[WhiteElo "2506"]
[BlackElo "2125"]
[TimeControl "180+1"]
[EndTime "10:07:58 PDT"]
[Termination "grunbergmihai won on time"]

1. d4 Nf6 2. c4 g6 3. Nc3 d5 4.
cxd5 Nxd5 5. e4 Nxc3 6. bxc3 Bg7 7. Bc4 c5 8. Ne2 O-O 9. O-O Nc6 10. Be3 b6 11. dxc5 Qc7 12. cxb6 axb6 13. Rb1 Na5 14. Bd5 Rb8 15. Bf4 e5 16. Bg5 Ba6 17. Re1 Bxe2 18.
Rxe2 Qxc3 19. Rc2 Qa3 20. h4 h6 21. Be3 Qe7 22. Bxb6 Nb7 23. h5 g5 24. a4 Rfc8 25.
a5 Nd6 26. a6 Rxc2 27. Qxc2 Nc8 28. a7 Nxa7 29. Rb3 Nc8 30. Bc5 Qc7 31. Rxb8 Qxb8 32.
Qc4 Qc7 33. g3 Bf8 34. Be3 Qxc4 35. Bxc4 Nd6 36. Bd5 Nb5 37. Bd2 Nd4 38. Kg2 Bc5 39. Ba5 Kg7 40. Bd8 Bd6 41. Kf1 Bb8 42. Ke1 Bd6 43. Kd2 Bb8 44. Kd3 Bd6 45. f4 gxf4 46.
gxf4 Bb8 47. Bb6 Ne6 48. fxe5 Bxe5 49. Bxe6 fxe6 50. Bd8 Bf4 51. Kd4 Bg5 52. Bc7 Bf6+ 53. Kc5 Bc3 54. Bf4 Bb2 55. Kd6 e5 56. Bxe5+ Bxe5+ 57. Kxe5 Kf7 58. Kf5 1-0

[Event "*** Titled Tuesday Blitz"]
[Site "Chess.com"]
[Date "2020.10.20"]
[Round "1"]
[White "ama18"]
[Black "Msb2"]
[Result "0-1"]
[WhiteElo "2448"]
[BlackElo "2930"]
[TimeControl "180+1"]
[EndTime "10:07:59 PDT"]
[Termination "Msb2 won on time"]

1. e4 e6 2. d4 d5 3. Nc3 Nf6 4. e5 Nfd7 5. f4 c5 6. Nf3 Nc6 7. Be3 a6 8. Qd2 b5 9. dxc5 Bxc5 10.
Nd4 Nxd4 11. Bxd4 O-O 12. Be2 b4 13. Na4 Bxd4 14. Qxd4 Qa5 15. b3 Bb7 16. O-O Bc6 17. Nb2 Qc5 18. Qxc5 Nxc5 19. Nd3 Nxd3 20. Bxd3 a5 21. a3 g6 22. axb4 axb4 23. Kf2 d4 24. g3 Rfc8 25. Ke2 Kg7 26. Kd2 h6 27. Bc4 Be4 28.
Rxa8 Rxa8 29. Bd3 Bd5 30. Re1 Ra2 31. Bc4 Bf3 32. Kd3 Bg4 33. Rc1 Bf5+ 34. Kxd4 Bxc2 35.
Kc5 Bf5 36. Kxb4 Rxh2 37. Kc5 g5 38. fxg5 hxg5 39. b4 Rh8 40. Kd6 f6 41. Ba6 fxe5 42. Kxe5 Rd8 43. Rc5 Rd2 44. b5 Rb2 45. Kd6 Kf6 46.
Kc7 e5 47. b6 Be4 48. b7 Bxb7 49. Bxb7 g4 50. Bc8 Rb4 51. Rc6+ Kg5 52. Rc5 Kf6 53. Rc6+ Kg5 54. Rc5 Re4 55. Bd7 Re3 56. Rc4 Rxg3 57.
Re4 Rc3+ 58. Kd6 g3 59. Rxe5+ Kf4 60. Bc6 Rxc6+ 0-1

[Event "*** Titled Tuesday Blitz"]
[Site "Chess.com"]
[Date "2020.10.20"]
[Round "1"]
[White "LittlePeasant"]
[Black "DanielTitichoca"]
[Result "1-0"]
[WhiteElo "2813"]
[BlackElo "2404"]
[TimeControl "180+1"]
[EndTime "10:07:59 PDT"]
[Termination "LittlePeasant won by checkmate"]

1. Nf3 Nf6 2. c4 g6 3. Nc3 Bg7 4. g3 c5 5. Bg2 O-O 6. d4 cxd4 7. Nxd4 Nc6 8. O-O Qa5 9. e3 d6 10. Bd2 Qc5 11. Nxc6 bxc6 12. b3 Bg4 13. Qe1 d5 14. Rc1 Qd6 15. h3 Bf5 16. Qe2 Rac8 17. Rfd1 Rfd8 18.
Be1 Be6 19. e4 Qa3 20. exd5 cxd5 21. Nb5 Qa6 22. Nd4 Bd7 23. cxd5 Qxe2 24. Nxe2 Rxc1 25. Rxc1 Ne8 26. Ba5 Rb8 27. Nf4 Nd6 28. Rc7 Bf5 29. Rxe7 Nb5 30. d6 Bf6 31. Bc6 Nxd6 32. Rxa7 Rc8 33.
Rc7 Ra8 34. Bb4 Rd8 35. Nd5 Bg7 36. Ne7+ Kh8 37. Bxd6 Rxd6 38. Nxf5 Rd1+ 39. Kg2 Bf6 40. Rc8+ Rd8 41. Rxd8+ Bxd8 42. Nd6 Kg7 43. Nc4 Bb6 44. a4 Bc5 45. a5 f5 46. a6 f4 47. b4 g5 48.
bxc5 g4 49. hxg4 f3+ 50. Kxf3 h5 51. a7 h4 52. gxh4 Kf6 53. a8=Q Ke7 54. Qb7+ Ke6 55.
Qd7+ Kf6 56. g5+ Kg6 57. Be4+ Kh5 58. Qh7# 1-0

[Event "*** Titled Tuesday Blitz"]
[Site "Chess.com"]
[Date "2020.10.20"]
[Round "1"]
[White "MVM2008"]
[Black "korbul"]
[Result "0-1"]
[WhiteElo "2137"]
[BlackElo "2510"]
[TimeControl "180+1"]
[EndTime "10:07:59 PDT"]
[Termination "korbul won on time"]

1. e4 c5 2. Nf3 e6 3. d4 cxd4 4. Nxd4 Nf6 5. Nc3 d6 6. Bc4 Be7 7. O-O O-O 8. Be3 Nxe4 9. Nxe4 d5 10. Bd3 dxe4 11. Bxe4 Nd7 12. Qe2 Nc5 13. Bf3 e5 14. Nb3 Na4 15. Qb5 Bd7 16. Qxe5 Bf6 17. Qh5 Nxb2 18.
Bxb7 Rb8 19. Be4 g6 20. Qf3 a5 21. Nc5 Bc8 22. Bd5 Bg7 23. c4 Rb4 24. a3 Rxc4 25. Bxc4 Nxc4 26. Rad1 Qc7 27. a4 h5 28. Ne4 Bg4 29.
Nf6+ Bxf6 30. Qxf6 Nxe3 31. fxe3 Bxd1 32. Rxd1 Qc2 33.
Qd4 Re8 34. Rf1 Qe4 35. Rc1 Qxe3+ 36. Qxe3 Rxe3 37. Rc5 Re2 38. Rxa5 h4 39. Kf1 Ra2 40. Ra8+ Kg7 41. a5 h3 42. gxh3 Rxh2 43. a6 Rxh3 44. a7 Ra3 45. Ke2 g5 46. Kd2 g4 47.
Ke2 f5 48. Kf2 f4 49. Kg2 Ra2+ 50. Kf1 g3 51. Kg1 f3 0-1

[Event "*** Titled Tuesday Blitz"]
[Site "Chess.com"]
[Date "2020.10.20"]
[Round "1"]
[White "medalja"]
[Black "Annawel"]
[Result "0-1"]
[WhiteElo "2443"]
[BlackElo "2909"]
[TimeControl "180+1"]
[EndTime "10:08:00 PDT"]
[Termination "Annawel won by resignation"]

1. d4 Nf6 2. c4 g6 3. Nf3 Bg7 4.
g3 O-O 5. Bg2 c6 6. O-O d6 7.
Nc3 Nbd7 8. e4 e5 9. h3 Re8 10.
Re1 a6 11. Be3 Qc7 12. Qc2 Nf8 13. Rad1 N6d7 14. b4 a5 15. a3 axb4 16. axb4 Nb6 17. Bf1 Be6 18. d5 cxd5 19. exd5 Bf5 20. Qb3 Bd7 21. c5 Nc8 22. Nb5 Bxb5 23. Bxb5 Rd8 24. Ng5 h6 25. Ne4 Kh7 26. Rc1 Qe7 27. Red1 f5 28.
Nxd6 Nxd6 29. cxd6 Qxd6 30. Bc5 Qf6 31. d6 Ne6 32.
Qd5 Nd4 33. Bf1 b6 34. Bxb6 Qxd6 35. Qxd6 Rxd6 36. Bc5 Rd5 37. Bg2 e4 38. Kf1 Rb8 39. g4 h5 40. gxf5 gxf5 41. Ke1 Rbd8 42. Kf1 h4 43. Re1 Kg6 44. Ra1 Nc2 45. Ra6+ Kg5 46. Rc1 Rd1+ 47. Rxd1 Rxd1+ 48. Ke2 Rg1 49. Be7+ Kh5 50.
Bxe4 fxe4 51. Re6 Nd4+ 52. Ke3 Nxe6 0-1

[Event "*** Titled Tuesday Blitz"]
[Site "Chess.com"]
[Date "2020.10.20"]
[Round "1"]
[White "GiantThresher"]
[Black "anon481216"]
[Result "1-0"]
[WhiteElo "2852"]
[BlackElo "2421"]
[TimeControl "180+1"]
[EndTime "10:08:00 PDT"]
[Termination "GiantThresher won by resignation"]

1. e4 c5 2. Nf3 Nf6 3. Nc3 d5 4.
exd5 Nxd5 5. Bb5+ Bd7 6. Bxd7+ Qxd7 7. O-O Nc6 8. Re1 e6 9. d4 cxd4 10. Nxd4 Nxc3 11. bxc3 Bc5 12. Be3 Bb6 13. Qg4 O-O 14. Rad1 Ne5 15. Qg3 Ng6 16. h4 e5 17. Nf3 Qf5 18.
Rd2 f6 19. Red1 Rac8 20. Bxb6 axb6 21. Rd7 Rxc3 22. Rxb7 Rxc2 23. Rdd7 Kh8 24. Rxg7 Nf4 25. Qg4 Qxg4 26. Rxg4 Ne6 27. Rxb6 Ng7 28. Ra4 Rfc8 29. Ra7 e4 30. Nd4 Rd2 31. Rbb7 Rxd4 32. Rxg7 h5 33.
Rh7+ Kg8 34. Rag7+ Kf8 35. Rb7 Kg8 36. Rxh5 Rc1+ 37. Kh2 Rc2 38. Rf5 Rd6 39. a4 Ra2 40. a5 Ra6 41. Re7 R2xa5 42. Rxa5 Rxa5 43. Rxe4 Kg7 44.
Rb4 Kg6 45. Kg3 Ra3+ 46. f3 Ra2 47. Rb5 Ra4 48. Kh3 Ra3 49. Rb4 Rc3 50. Re4 Rd3 51. Kg3 Rc3 52. Kf2 Rc2+ 53. Re2 Rc4 54. g4 Rc3 55. Kg3 Rb3 56. Kf4 Rb4+ 57. Re4 Rb1 58. Ra4 Rh1 59. h5+ Kh6 60. Kf5 Rf1 61. f4 Kg7 62.
Ra7+ Kg8 63. Ra6 Kg7 64. Rxf6 1-0